 Dungeon Crawl Stone Soup version 0.29-a0-529-gfa20dd96a1 (webtiles) character file.

Game seed: 18060599650558442073

523 thriggle the Covert (level 7, 0/60 HPs)
             Began as a Gnoll Delver on June 1, 2022.
             Was a Follower of Nemelex Xobeh.
             Slain by a troll (7 damage)
             ... on level 5 of the Dungeon.
             The game lasted 00:20:13 (3913 turns).

thriggle the Covert (Gnoll Delver)                  Turns: 3913, Time: 00:20:15

Health: 0/60       AC:  5    Str: 11    XL:     7   Next: 22%
Magic:  8/10       EV: 13    Int: 12    God:    Nemelex Xobeh [*.....]
Gold:   151        SH:  0    Dex: 13    Spells: 6/10 levels left

rFire   . . .      SeeInvis .   l - +0 trident (spect)
rCold   . . .      Faith    .   (no shield)
rNeg    . . .      Spirit   .   b - +0 leather armour
rPois   .          Reflect  .   (no helmet)
rElec   .          Harm     .   (no cloak)
rCorr   .          Rampage  .   (no gloves)
Will    .....                   z - +1 pair of boots
Stlth   ++++......              (no amulet)
HPRegen 0.20/turn               n - ring of wizardry
MPRegen 0.12/turn               (no ring)

@: wereblooded (expiring)
A: fangs 1, strong nose, distributed training
a: Renounce Religion, Draw Escape, Draw Destruction, Draw Summoning


You were on level 5 of the Dungeon.
You worshipped Nemelex Xobeh.
Nemelex Xobeh was aware of your devotion.
You visited 1 branch of the dungeon, and saw 5 of its levels.

You collected 151 gold pieces.

Inventory:

Hand Weapons
 a - a +0 falchion
 f - a +1 antimagic dagger
 l - a +0 spectral trident (weapon)
 u - a +1 dagger of holy wrath
Missiles
 g - 103 stones (quivered)
 y - 8 poisoned darts
 A - a silver boomerang
Armour
 b - a +0 leather armour (worn)
 j - a +1 ring mail
 z - a +1 pair of boots (worn)
Jewellery
 n - a ring of wizardry (left hand)
 r - an amulet of regeneration
 B - a ring of magical power
Wands
 i - a wand of acid (10)
Scrolls
 c - a scroll of fog
 e - 4 scrolls of fear
 m - a scroll of poison
 s - 2 scrolls of magic mapping
 t - a scroll of enchant weapon {unknown}
 v - a scroll of acquirement {unknown}
 x - a scroll of amnesia {unknown}
Potions
 d - 4 potions of curing {unknown}
 h - 2 potions of attraction {unknown}
 k - a potion of magic {unknown}
 o - a potion of heal wounds {unknown}
 p - a potion of flight {unknown}
 q - a potion of resistance {unknown}
 w - 2 potions of mutation {unknown}


   Skills:
 + Level 7.0 Fighting
 + Level 2.3 Short Blades
 + Level 5.2 Long Blades
 + Level 2.3 Axes
 + Level 2.3 Maces & Flails
 + Level 2.3 Polearms
 + Level 2.3 Staves
 + Level 2.3 Slings
 + Level 2.3 Bows
 + Level 2.3 Crossbows
 + Level 2.3 Throwing
 + Level 2.3 Armour
 + Level 5.2 Dodging
 + Level 9.9 Stealth
 + Level 2.3 Shields
 + Level 2.3 Unarmed Combat
 + Level 2.3 Spellcasting
 + Level 1.9 Conjurations
 + Level 1.9 Hexes
 + Level 1.9 Summonings
 + Level 1.9 Necromancy
 + Level 1.9 Translocations
 + Level 1.9 Transmutations
 + Level 1.9 Fire Magic
 + Level 1.9 Ice Magic
 + Level 1.9 Air Magic
 + Level 1.9 Earth Magic
 + Level 1.9 Poison Magic
 + Level 2.6 Invocations
 + Level 2.3 Evocations


You had 6 spell levels left.
You knew the following spells:

 Your Spells              Type           Power      Damage    Failure   Level
a - Scorch                Fire           12%        2d6       10%         2
b - Wereblood             Tmut           6%         N/A       10%         2

Your spell library contained the following spells:

 Spells                   Type           Power      Damage    Failure   Level
 Beastly Appendage        Tmut           12%        N/A       6%          1
 Spider Form              Tmut/Pois      6%         N/A       19%         3
 Flame Wave               Conj/Fire      6%         2d5       50%         4
 Summon Cactus Giant      Summ           3%         N/A       100%        6


Dungeon Overview and Level Annotations

Branches:
Dungeon (5/15)
 Temple: D:4-7

Altars:
Nemelex Xobeh
Ru


Innate Abilities, Weirdness & Mutations

You have very sharp teeth.
Your uncanny sense of smell can sniff out nearby items.
Your experience applies equally to all skills.


Message History

Aim: an iguana (about 35% to evade your +0 spectral trident)
You reach to attack!
You hit the iguana but do no damage.
Your +0 spectral trident hits the iguana.
The iguana barely misses your +0 spectral trident.
Reach: l) +0 trident (spect)
Press: ? - help, Dir - move target, f/p - iguana
Aim: an iguana (moderately wounded, about 35% to evade your +0 spectral trident)
You reach to attack!
You hit the iguana.
The iguana is heavily wounded.
Your +0 spectral trident hits the iguana.
You closely miss the iguana. You bite the iguana, but do no damage.
The iguana is almost dead.
Your +0 spectral trident hits the iguana!
You kill the iguana!
A troll comes into view.
The troll shouts!
You howl as the wereblood boils in your veins!
B - a ring of magical power You howl as the wereblood boils in your veins!
Casting: Wereblood (safe; 10% risk of failure)
Confirm with . or Enter, or press ? or * to list all spells.
Flames lash the troll.
The troll is moderately wounded.
The troll's fire resistance burns away.
The troll bites you! The troll misses you. The troll claws you.
You hit the troll but do no damage.
The troll is moderately wounded.
Your +0 spectral trident hits the troll.
Your primal bloodlust is almost over.
The troll bites you. The troll barely misses you.
The troll completely misses you. The troll bites you! The troll claws you.
The troll misses you.
You hit the troll but do no damage. You bite the troll, but do no damage.
The troll is moderately wounded.
Your +0 spectral trident closely misses the troll.
The troll bites you!
* * * LOW HITPOINT WARNING * * *
The troll barely misses you. The troll claws you!
You die...
Your body disappears without a glow.

####.##.......#
#....########.####
#.#### #..#.+ ..#
##.#.+ ..# #†..+
..# ######.## ..#
.........# ..#
.........## ..#
.......T@.# ..#
.......(#.# ..#
........#.#
........#..
........##..
....... ..#
####### #.# .# ..


You could see a troll (combustible) and a friendly +0 spectral trident
(summoned).

Vanquished Creatures
  2 phantoms
  A howler monkey (D:5)
  A jelly (D:4)
  Jessica (D:2)
  3 iguanas
  An orc wizard (D:5)
  4 gnolls
  7 adders
  A white imp (D:5)
  2 worms (D:2)
  3 dart slugs
  5 orcs
  6 endoplasms
  A giant cockroach (D:3)
  3 goblins
  4 hobgoblins
  4 jackals (D:2)
  3 kobolds
  4 quokkas
  A ball python (D:4)
  6 bats
  2 frilled lizards (D:3)
  7 rats
72 creatures vanquished.

Notes
Turn   | Place    | Note
-------+----------+-------------------------------------------
     0 | D:5      | Reached skill level 9 in Stealth
     0 | D:5      | thriggle the Gnoll Delver began the quest for the Orb.
     0 | D:5      | Reached XP level 1. HP: 23/23 MP: 1/1
    10 | D:5      | Noticed a necrophage
    33 | D:5      | Noticed a scorpion
    90 | D:4      | Noticed an iguana
   168 | D:4      | Noticed a phantom
   168 | D:4      | Noticed a jelly
   571 | D:2      | Noticed Jessica
   593 | D:1      | Reached XP level 2. HP: 29/29 MP: 2/2
   863 | D:2      | Killed Jessica
   864 | D:2      | Reached skill level 1 in Invocations
   864 | D:2      | Reached XP level 3. HP: 32/35 MP: 2/4
  1031 | D:2      | Reached skill level 1 in Short Blades
  1031 | D:2      | Reached skill level 1 in Axes
  1031 | D:2      | Reached skill level 1 in Maces & Flails
  1031 | D:2      | Reached skill level 1 in Polearms
  1031 | D:2      | Reached skill level 1 in Staves
  1031 | D:2      | Reached skill level 1 in Slings
  1031 | D:2      | Reached skill level 1 in Bows
  1031 | D:2      | Reached skill level 1 in Crossbows
  1031 | D:2      | Reached skill level 1 in Throwing
  1031 | D:2      | Reached skill level 1 in Armour
  1031 | D:2      | Reached skill level 1 in Shields
  1031 | D:2      | Reached skill level 1 in Unarmed Combat
  1031 | D:2      | Reached skill level 1 in Spellcasting
  1031 | D:2      | Reached skill level 1 in Evocations
  1069 | D:3      | Reached XP level 4. HP: 37/41 MP: 5/5
  1120 | D:3      | You fall into a shaft and drop 1 floor!
  1122 | D:4      | Found a sparkling altar of Nemelex Xobeh.
  1127 | D:4      | Became a worshipper of Nemelex Xobeh the Trickster
  1166 | D:4      | Found a sacrificial altar of Ru.
  1253 | D:4      | Reached skill level 1 in Conjurations
  1253 | D:4      | Reached skill level 1 in Hexes
  1253 | D:4      | Reached skill level 1 in Summonings
  1253 | D:4      | Reached skill level 1 in Necromancy
  1253 | D:4      | Reached skill level 1 in Translocations
  1253 | D:4      | Reached skill level 1 in Transmutations
  1253 | D:4      | Reached skill level 1 in Fire Magic
  1253 | D:4      | Reached skill level 1 in Ice Magic
  1253 | D:4      | Reached skill level 1 in Air Magic
  1253 | D:4      | Reached skill level 1 in Earth Magic
  1253 | D:4      | Reached skill level 1 in Poison Magic
  1257 | D:4      | Learned a level 2 spell: Scorch
  1476 | D:4      | Killed a phantom
  1477 | D:4      | Reached XP level 5. HP: 39/47 MP: 1/7
  1650 | D:4      | Reached XP level 6. HP: 53/53 MP: 3/8
  2474 | D:1      | Found a faded altar of an unknown god.
  2852 | D:2      | Reached * piety under Nemelex Xobeh
  3006 | D:3      | Reached skill level 5 in Long Blades
  3006 | D:3      | Reached skill level 5 in Dodging
  3329 | D:3      | Received a gift from Nemelex Xobeh
  3682 | D:5      | Reached XP level 7. HP: 31/59 MP: 6/10
  3747 | D:5      | Learned a level 2 spell: Wereblood
  3905 | D:5      | Noticed a troll
  3913 | D:5      | Slain by a troll

Illustrated notes

Levels and vault maps discovered:
D:1:      spicycebolla_arrival_xxxplode, layout_rooms,
          shapermc_ecumenical_altar_hornbeckon
D:2:      layout_basic, uniq_jessica
D:3:      layout_loops_ring, minmay_misc_feat_rows
D:4:      layout_layer_cave, nemelex_diamond_rough_becter,
          mainiacjoe_overflow_cross_hatched
D:5:      layout_basic, kennysheep_windowed_goal, uniq_eustachio

Skill      XL: |  1  2  3  4  5  6  7 |
---------------+----------------------+-----
Stealth        | |  9.9
Invocations    | 1 2 |  2.6
Short Blades   | 1 2 |  2.3
Axes           | 1 2 |  2.3
Maces & Flails | 1 2 |  2.3
Polearms       | 1 2 |  2.3
Staves         | 1 2 |  2.3
Slings         | 1 2 |  2.3
Bows           | 1 2 |  2.3
Crossbows      | 1 2 |  2.3
Throwing       | 1 2 |  2.3
Armour         | 1 2 |  2.3
Shields        | 1 2 |  2.3
Unarmed Combat | 1 2 |  2.3
Spellcasting   | 1 2 |  2.3
Evocations     | 1 2 |  2.3
Conjurations   | 1 |  1.9
Hexes          | 1 |  1.9
Summonings     | 1 |  1.9
Necromancy     | 1 |  1.9
Translocations | 1 |  1.9
Transmutations | 1 |  1.9
Fire Magic     | 1 |  1.9
Ice Magic      | 1 |  1.9
Air Magic      | 1 |  1.9
Earth Magic    | 1 |  1.9
Poison Magic   | 1 |  1.9
Long Blades    | 5 |  5.2
Dodging        | 5 |  5.2
Fighting       | 7 |  7.0

Action                   |  1- 3 |  4- 6 |  7- 9 || total
-------------------------+-------+-------+-------++-------
Melee: Falchion          |    37 |   121 |       ||   158
       Trident           |    10 |    20 |    12 ||    42
       Bite              |     2 |     7 |     3 ||    12
       Punch             |       |     3 |       ||     3
 Cast: Scorch            |       |    25 |     1 ||    26
       Wereblood         |       |       |     2 ||     2
Evoke: Wand              |     3 |       |       ||     3
  Use: Scroll            |     1 |     4 |     1 ||     6
       Potion            |     1 |       |       ||     1
 Stab: Sleeping          |     6 |    16 |       ||    22
Armor: Leather armour    |     8 |    21 |       ||    29
Dodge: Dodged            |    29 |    99 |     7 ||   135

Table legend: (Time is in decaauts)
 A = Elapsed time spent in this place.
 B = Non-inter-level travel time spent in this place.
 C = Inter-level travel time spent in this place.
 D = Time resting spent in this place.
 E = Time spent auto-exploring this place.
 F = Levels seen in this place.
 G = Mean time per level.
                   A        B        C        D        E       F      G
               +--------+--------+--------+--------+--------+-----+--------+
         Total |   3920 |   3667 |    253 |    355 |   1814 |   5 |  784.0 |
       Dungeon |   3920 |   3667 |    253 |    355 |   1814 |   5 |  784.0 |
               +--------+--------+--------+--------+--------+-----+--------+

Top non-repeatable levels by time:
     D:2: 1280 daAuts
     D:4: 966 daAuts
     D:3: 800 daAuts
     D:1: 524 daAuts
     D:5: 348 daAuts
